[Event "XLV Badalona Open 2019"]
[Site "Badalona"]
[Date "2019.08.04"]
[Round "3.10"]
[White "Bedoya Rosales, Luis"]
[Black "Costa Trave, Jaume"]
[Result "1-0"]
[ECO "C07"]
[WhiteElo "1924"]
[BlackElo "1856"]
[Annotator "NA"]
[PlyCount "123"]
[EventDate "2019.08.02"]
[EventType "swiss"]
[EventCountry "ESP"]
[SourceTitle "playchess.com"]
[Source "ChessBase"]
[SourceQuality "1"]
[TimeControl "5400+30"]

1. e4 e6 2. d4 d5 3. Nd2 c5 4. Ngf3 Nc6 5. Bb5 a6 6. exd5 Qxd5 7. c4 Qd8 8. Bxc6+ bxc6 9. dxc5 Bxc5 10. O-O Nf6 11. Qc2 Be7 12. Ne4 c5 13. Bf4 O-O 14. Nfg5 g6 15. Rad1 Qb6 16. Qc3 Nh5 17. Bd6 Ra7 18. Bxe7 Rxe7 19. Nf6+ Nxf6 20. Qxf6 Qc7 21. Rd3 e5 22. Re1 Bf5 23. Rd5 h6 24. Ne4 Bxe4 25. Rxe4 Re6 26. Qh4 g5 27. Qg3 Rfe8 28. h4 f6 29. Qd3 R6e7 30. b3 Kg7 31. h5 Rf7 32. Rd6 Kf8 33. Re2 e4 34. Qd1 a5 35. Red2 Qe7 36. R2d5 e3 37. fxe3 Qxe3+ 38. Kh1 Qg3 39. Rd8 Rfe7 40. Rxe8+ Rxe8 41. Rd8 Qe5 42. Qd6+ Qe7 43. Qxe7+ Kxe7 44. Rd5 Rc8 45. g4 Ke6 46. Kg2 a4 47. Kf3 axb3 48. axb3 Rb8 49. Ke4 Rxb3 50. Rxc5 Kd6 51. Rb5 Rc3 52. c5+ Kc6 53. Rb6+ Kxc5 54. Rxf6 Rc4+ 55. Kf5 Rf4+ 56. Kg6 Rxg4 57. Kxh6 Kd5 58. Kg6 Ke5 59. h6 Rh4 60. Rf5+ Ke6 61. Rxg5 Ke7 62. h7 1-0

[Event "XLV Badalona Open 2019"]
[Site "Badalona"]
[Date "2019.08.05"]
[Round "4.1"]
[White "Lorenzo De La Riva, Lazaro"]
[Black "Sturt, Raven"]
[Result "0-1"]
[ECO "C96"]
[WhiteElo "2373"]
[BlackElo "2429"]
[Annotator "RC"]
[PlyCount "105"]
[EventDate "2019.08.02"]
[EventType "swiss"]
[EventCountry "ESP"]
[TimeControl "5400+30"]

1. e4 e5 2. Nf3 Nc6 3. Bb5 a6 4. Ba4 Nf6 5. O-O Be7 6. Re1 b5 7. Bb3 d6 8. c3 O-O 9. h3 Na5 10. Bc2 c5 11. d4 Nd7 12. Nbd2 exd4 13. cxd4 Nc6 14. a4 bxa4 15. Bxa4 Nxd4 16. Nxd4 cxd4 17. Nf3 Nc5 18. Nxd4 Bf6 19. Bc6 Rb8 20. Bd5 Bb7 21. Nf5 Be5 22. Ra3 Qb6 23. Ne3 Qb5 24. Ng4 Bxb2 25. Rg3 Kh8 26. Bf4 Rbd8 27. Bg5 f6 28. Bf4 Be5 29. Bxe5 dxe5 30. Qf3 Qb4 31. Ra1 Nxe4 32. Qxe4 Qxe4 33. Bxe4 Bxe4 34. Rxa6 Rd1+ 35. Kh2 Rc8 36. Re3 Bg6 37. f3 Rd2 38. Rea3 Rdd8 39. Ne3 h5 40. h4 Kh7 41. Ra7 Kh6 42. g4 Rc1 43. Ra2 Rd3 44. R7a3 hxg4 45. fxg4 Rd4 46. h5 Be4 47. Ra7 Re1 48. R7a3 Bd3 49. Ng2 Ree4 50. Rd2 Be2 51. Rb2 Bxg4 52. Nh4 Kxh5 53. Rb1 0-1

[Event "XLV Badalona Open 2019"]
[Site "Badalona"]
[Date "2019.08.05"]
[Round "4.8"]
[White "Moncada Correa, Sara"]
[Black "Casares Bonals, Ainhoa"]
[Result "1/2-1/2"]
[ECO "E16"]
[WhiteElo "1909"]
[BlackElo "1787"]
[Annotator "NA"]
[PlyCount "72"]
[EventDate "2019.08.02"]
[EventType "swiss"]
[EventCountry "ESP"]
[SourceTitle "playchess.com"]
[Source "ChessBase"]
[SourceQuality "1"]
[TimeControl "5400+30"]

1. d4 Nf6 2. Nf3 e6 3. g3 b6 4. c4 Bb7 5. Bg2 Bb4+ 6. Bd2 Qe7 7. Nc3 O-O 8. O-O c5 9. Qc2 d6 10. Rfd1 Nbd7 11. Rac1 Rac8 12. Qb3 Bxc3 13. Bxc3 Ne4 14. Qa3 a6 15. Qb3 Nxc3 16. Rxc3 Rb8 17. Rcd3 b5 18. cxb5 axb5 19. R3d2 c4 20. Qc2 f5 21. Ne1 Nf6 22. Bxb7 Qxb7 23. e3 g5 24. Re2 Rbc8 25. a3 Rc7 26. Rc1 Rfc8 27. Qc3 Nd5 28. Qc2 c3 29. Qb3 cxb2 30. Rxc7 Rxc7 31. Rxb2 Rc1 32. Rb1 Rxb1 33. Qxb1 Qc6 34. Qc2 Nc3 35. Nf3 Qc4 36. Ne1 Qc7 1/2-1/2

[Event "XLV Badalona Open 2019"]
[Site "Badalona"]
[Date "2019.08.05"]
[Round "4.9"]
[White "Fernandez Egea, Andres"]
[Black "Bedoya Rosales, Luis"]
[Result "0-1"]
[ECO "B44"]
[WhiteElo "1838"]
[BlackElo "1924"]
[Annotator "NA"]
[PlyCount "102"]
[EventDate "2019.08.02"]
[EventType "swiss"]
[EventCountry "ESP"]
[SourceTitle "playchess.com"]
[Source "ChessBase"]
[SourceQuality "1"]
[TimeControl "5400+30"]

1. e4 c5 2. Nf3 e6 3. d4 cxd4 4. Nxd4 Nc6 5. c4 Qc7 6. Nc3 a6 7. Nxc6 bxc6 8. Bd3 Nf6 9. O-O Bd6 10. f4 Bc5+ 11. Kh1 d6 12. Qe2 Bd4 13. Be3 Bxe3 14. Qxe3 e5 15. fxe5 Ng4 16. Qg5 O-O 17. Bc2 Nxe5 18. b3 f6 19. Qe3 Qa7 20. Qg3 Bg4 21. h3 Bh5 22. Rf5 Bg6 23. Rf2 Rfe8 24. Rd1 Rad8 25. Ne2 Bh5 26. Rd2 Bxe2 27. Rfxe2 a5 28. Rf2 Kh8 29. Rf5 Nf7 30. Qc3 Re5 31. Rdf2 Qc5 32. h4 Rde8 33. R5f4 Nd8 34. Rd2 Ne6 35. Rf3 Nd8 36. Rf4 d5 37. Qd3 d4 38. Bd1 Ne6 39. Rg4 h5 40. Rg3 Qb4 41. Bf3 c5 42. Qe2 Nf4 43. Qd1 Ra8 44. Qc1 Ne6 45. Qd1 a4 46. Bxh5 axb3 47. axb3 Nf4 48. Bf7 Rxe4 49. Qg4 g5 50. hxg5 Ra1+ 51. Kh2 Ree1 0-1

[Event "XLV Badalona Open 2019"]
[Site "Badalona"]
[Date "2019.08.05"]
[Round "4.10"]
[White "Korobitsyna, Olesya"]
[Black "Fabregas Fontanet, Antonio"]
[Result "1-0"]
[ECO "E91"]
[WhiteElo "1609"]
[BlackElo "1942"]
[Annotator "NA"]
[PlyCount "63"]
[EventDate "2019.08.02"]
[EventType "swiss"]
[EventCountry "ESP"]
[SourceTitle "playchess.com"]
[Source "ChessBase"]
[SourceQuality "1"]
[TimeControl "5400+30"]

1. d4 Nf6 2. Nf3 d6 3. c4 g6 4. Nc3 Bg7 5. e4 O-O 6. Be2 b6 7. O-O Bb7 8. Qc2 Nbd7 9. Ne1 e5 10. d5 c6 11. Be3 cxd5 12. cxd5 Rc8 13. Qd2 Nc5 14. f3 a6 15. Nd3 Nfd7 16. b4 Nxd3 17. Bxd3 f5 18. Rac1 f4 19. Bf2 g5 20. Qe2 Ra8 21. Rc2 a5 22. Nb5 Rf6 23. Nc7 Rc8 24. Ne6 Qe8 25. bxa5 bxa5 26. Rb1 Ba8 27. Ba6 Rxc2 28. Qxc2 Bf8 29. Qc8 Qf7 30. Qxa8 g4 31. Rb7 gxf3 32. Nxf8 1-0

[Event "XLV Badalona Open 2019"]
[Site "Badalona"]
[Date "2019.08.06"]
[Round "5.1"]
[White "Sturt, Raven"]
[Black "Hernandez, Cristian Andres"]
[Result "1-0"]
[ECO "B90"]
[WhiteElo "2429"]
[BlackElo "2355"]
[Annotator "NA"]
[PlyCount "83"]
[EventDate "2019.08.02"]
[EventType "swiss"]
[EventCountry "ESP"]
[SourceTitle "playchess.com"]
[Source "ChessBase"]
[SourceQuality "1"]
[TimeControl "5400+30"]

1. e4 c5 2. Nf3 d6 3. d4 cxd4 4. Nxd4 Nf6 5. Nc3 a6 6. h3 e6 7. g4 h6 8. Bg2 g5 9. Be3 Nbd7 10. Qd2 Ne5 11. b3 b5 12. O-O-O Bb7 13. f4 gxf4 14. Bxf4 Rc8 15. Rhe1 Qa5 16. Re3 b4 17. Na4 Nfd7 18. a3 Nc4 19. bxc4 Qxa4 20. Nf5 bxa3 21. Nxd6+ Bxd6 22. Bxd6 a2 23. Kb2 Rxc4 24. Rb3 Rd4 25. Qc3 Rxd6 26. Qxh8+ Ke7 27. Ra1 Nb6 28. Bf1 Qxe4 29. Bd3 Na4+ 30. Ka3 Qc6 31. Rf1 a1=Q+ 32. Qxa1 Qc5+ 33. Ka2 Rd7 34. Qf6+ Ke8 35. Bg6 Qe7 36. Bxf7+ Kd8 37. Bxe6 Qxf6 38. Rxf6 Re7 39. Rd3+ Kc7 40. Rxh6 Nc5 41. Rc3 Kb6 42. Bc8+ 1-0

[Event "XLV Badalona Open 2019"]
[Site "Badalona"]
[Date "2019.08.06"]
[Round "5.2"]
[White "Rojas Keim, Luis"]
[Black "Oliva Castaneda, Kevel"]
[Result "1/2-1/2"]
[ECO "B53"]
[WhiteElo "2338"]
[BlackElo "2467"]
[Annotator "ChessBase"]
[PlyCount "72"]
[EventDate "2019.08.02"]
[EventType "swiss"]
[EventCountry "ESP"]
[SourceTitle "playchess.com"]
[Source "ChessBase"]
[SourceQuality "1"]
[TimeControl "5400+30"]

1. e4 c5 2. Nf3 d6 3. d4 cxd4 4. Qxd4 Nf6 5. Bg5 Nc6 6. Bb5 Qa5+ 7. Nc3 Qxb5 8. Nxb5 Nxd4 9. Nfxd4 Kd8 10. f3 a6 11. Nc3 e6 12. O-O-O Kc7 13. Nb3 Be7 14. Bf4 Nd7 15. Rd2 Ne5 16. Rhd1 Rd8 17. Bg3 b5 18. Na5 h5 19. a4 h4 20. Bxe5 dxe5 21. Rxd8 Bxd8 22. axb5 Bg5+ 23. Kb1 axb5 24. b4 Bd7 25. Kb2 h3 26. g3 Be3 27. Ne2 Bb6 28. Nb3 f5 29. exf5 exf5 30. Nc5 Bxc5 31. bxc5 Bc6 32. Ng1 Ra4 33. Re1 Rb4+ 34. Kc1 Ra4 35. Kb2 Rb4+ 36. Kc1 Ra4 1/2-1/2

[Event "XLV Badalona Open 2019"]
[Site "Badalona"]
[Date "2019.08.06"]
[Round "5.3"]
[White "Cu Hor, Winston Darwin"]
[Black "Perez Mitjans, Orelvis"]
[Result "1/2-1/2"]
[ECO "A06"]
[WhiteElo "2335"]
[BlackElo "2416"]
[Annotator "NA"]
[PlyCount "60"]
[EventDate "2019.08.02"]
[EventType "swiss"]
[EventCountry "ESP"]
[SourceTitle "playchess.com"]
[Source "ChessBase"]
[SourceQuality "1"]
[TimeControl "5400+30"]

1. Nf3 g6 2. g3 Bg7 3. Bg2 e5 4. d3 d5 5. O-O Ne7 6. c4 O-O 7. cxd5 Nxd5 8. Nc3 Ne7 9. Bd2 Nbc6 10. a3 a5 11. Rb1 h6 12. b4 axb4 13. axb4 Nd4 14. b5 Be6 15. Nxd4 exd4 16. Ne4 b6 17. Bb4 Re8 18. Bxe7 Rxe7 19. Ra1 Rxa1 20. Qxa1 Bd5 21. Bf3 f5 22. Nd2 Bxf3 23. exf3 Qd5 24. Qb2 Kh7 25. Rc1 h5 26. Qb4 Bf6 27. f4 h4 28. Qc4 Qa8 29. Qc6 Qa3 30. Kg2 Kg7 1/2-1/2

[Event "XLV Badalona Open 2019"]
[Site "Badalona"]
[Date "2019.08.06"]
[Round "5.4"]
[White "Becerra, Juan David"]
[Black "Umetsubo, Cesar Hidemitsu"]
[Result "0-1"]
[ECO "C49"]
[WhiteElo "2327"]
[BlackElo "2406"]
[Annotator "NA"]
[PlyCount "86"]
[EventDate "2019.08.02"]
[EventType "swiss"]
[EventCountry "ESP"]
[SourceTitle "playchess.com"]
[Source "ChessBase"]
[SourceQuality "1"]
[TimeControl "5400+30"]

1. e4 e5 2. Nf3 Nf6 3. Nc3 Nc6 4. Bb5 Bb4 5. O-O O-O 6. d3 d6 7. Bg5 Bxc3 8. bxc3 Qe7 9. h3 Nd8 10. Be3 Ne6 11. Kh2 c5 12. Bc4 Nc7 13. a4 Bd7 14. Qd2 b6 15. Bg5 Be6 16. Nh4 h6 17. Bxf6 Qxf6 18. Bxe6 fxe6 19. g3 Qg5 20. Qe2 Rf7 21. Ng2 Raf8 22. h4 Qf6 23. h5 a6 24. Kg1 Qg5 25. Nh4 Rb8 26. Ng6 Ne8 27. Kg2 Nf6 28. Rh1 Kh7 29. d4 Nxh5 30. Rxh5 Qxg6 31. dxe5 Rbf8 32. Rf1 dxe5 33. a5 Rf3 34. Rh4 b5 35. c4 b4 36. Qxf3 Rxf3 37. Kxf3 Qf6+ 38. Ke2 Qd8 39. Rd1 Qxa5 40. Rd6 Qa2 41. Kf3 Qxc2 42. Rxe6 b3 43. Re7 b2 0-1

[Event "XLV Badalona Open 2019"]
[Site "Badalona"]
[Date "2019.08.06"]
[Round "5.5"]
[White "Munoz, Miguel"]
[Black "Lorenzo De La Riva, Lazaro"]
[Result "1/2-1/2"]
[ECO "B29"]
[WhiteElo "2511"]
[BlackElo "2373"]
[Annotator "ChessBase"]
[PlyCount "65"]
[EventDate "2019.08.02"]
[EventType "swiss"]
[EventCountry "ESP"]
[SourceTitle "playchess.com"]
[Source "ChessBase"]
[SourceQuality "1"]
[TimeControl "5400+30"]

1. e4 c5 2. Nf3 Nf6 3. e5 Nd5 4. Nc3 Nxc3 5. dxc3 e6 6. Bd3 Nc6 7. O-O h6 8. Qe2 Qc7 9. Bf4 b6 10. Nd2 g5 11. Bg3 h5 12. h3 Bb7 13. a3 O-O-O 14. Nc4 Kb8 15. a4 Be7 16. Rfd1 h4 17. Bh2 g4 18. hxg4 h3 19. Be4 hxg2 20. Bg3 Ba6 21. Kxg2 Bh4 22. Bh2 Bxc4 23. Qxc4 Bxf2 24. Bf4 f5 25. Bxf5 Na5 26. Qd3 exf5 27. Kxf2 fxg4 28. Qd6 Qxd6 29. Rxd6 Nc4 30. Rf6 Nxb2 31. a5 Kb7 32. a6+ Kc8 33. Rg1 1/2-1/2

[Event "XLV Badalona Open 2019"]
[Site "Badalona"]
[Date "2019.08.06"]
[Round "5.6"]
[White "Anuj Shrivatri"]
[Black "Pena Gomez, Manuel"]
[Result "1/2-1/2"]
[ECO "E62"]
[WhiteElo "2372"]
[BlackElo "2500"]
[Annotator "ChessBase"]
[PlyCount "41"]
[EventDate "2019.08.02"]
[EventType "swiss"]
[EventCountry "ESP"]
[SourceTitle "playchess.com"]
[Source "ChessBase"]
[SourceQuality "1"]
[TimeControl "5400+30"]

1. d4 Nf6 2. c4 g6 3. Nf3 Bg7 4. g3 O-O 5. Bg2 d6 6. O-O Nc6 7. Nc3 e5 8. dxe5 dxe5 9. Bg5 Be6 10. Nd5 Bxd5 11. Bxf6 Qxf6 12. cxd5 Ne7 13. e4 c6 14. dxc6 Nxc6 15. Qb3 Qe7 16. Rfd1 Rfd8 17. Bf1 Rac8 18. Bh3 Rb8 19. Bf1 Rbc8 20. Bh3 Rb8 21. Bf1 1/2-1/2

[Event "XLV Badalona Open 2019"]
[Site "Badalona"]
[Date "2019.08.06"]
[Round "5.7"]
[White "Moskalenko, Viktor"]
[Black "Volkov, Dmitriy"]
[Result "1-0"]
[ECO "A01"]
[WhiteElo "2500"]
[BlackElo "2369"]
[Annotator "ChessBase"]
[PlyCount "113"]
[EventDate "2019.08.02"]
[EventType "swiss"]
[EventCountry "ESP"]
[SourceTitle "playchess.com"]
[Source "ChessBase"]
[SourceQuality "1"]
[TimeControl "5400+30"]

1. b3 Nf6 2. Bb2 g6 3. Bxf6 exf6 4. c4 d5 5. cxd5 Qxd5 6. Nc3 Qa5 7. a3 Bg7 8. e3 O-O 9. Bc4 c5 10. Nge2 Nd7 11. O-O f5 12. Qc2 Nb6 13. Bd3 Be6 14. Nf4 c4 15. bxc4 Bxc3 16. dxc3 Bxc4 17. Bxc4 Nxc4 18. Rfd1 Nb6 19. h4 Rac8 20. Rd3 h5 21. Qb3 Kg7 22. a4 Rc4 23. Qb5 Rc5 24. Qb4 Rfc8 25. Qd4+ Kg8 26. Qf6 R5c6 27. Qe7 Rxc3 28. Rd8+ Rxd8 29. Qxd8+ Kg7 30. Qe7 Rc6 31. Rd1 Nc8 32. Qxb7 Rc7 33. Qb3 Nb6 34. Kh2 Qc3 35. Qb5 Qc5 36. Qb2+ Qc3 37. Qxc3+ Rxc3 38. a5 Nc4 39. Rd7 Nxa5 40. Ne6+ Kg8 41. Rd8+ Kh7 42. Ng5+ Kg7 43. Rd7 Nc6 44. Rxf7+ Kg8 45. Rc7 a5 46. Rc8+ Kg7 47. Ne6+ Kf6 48. Nd4 a4 49. Rxc6+ Rxc6 50. Nxc6 a3 51. Nb4 Ke5 52. Kg3 Kd6 53. Kf3 Kc5 54. Nc2 a2 55. Ke2 Kc4 56. Kd2 Kb3 57. f3 1-0

[Event "XLV Badalona Open 2019"]
[Site "Badalona"]
[Date "2019.08.06"]
[Round "5.8"]
[White "Korobitsyna, Olesya"]
[Black "Fernandez Egea, Andres"]
[Result "1-0"]
[ECO "E98"]
[WhiteElo "1609"]
[BlackElo "1838"]
[Annotator "NA"]
[PlyCount "105"]
[EventDate "2019.08.02"]
[EventType "swiss"]
[EventCountry "ESP"]
[SourceTitle "playchess.com"]
[Source "ChessBase"]
[SourceQuality "1"]
[TimeControl "5400+30"]

1. d4 Nf6 2. Nf3 g6 3. c4 Bg7 4. Nc3 d6 5. e4 O-O 6. Be2 e5 7. O-O Nc6 8. d5 Ne7 9. Ne1 Nd7 10. Be3 f5 11. f3 f4 12. Bf2 g5 13. b4 h5 14. c5 Rf6 15. Rc1 a6 16. Qb3 Kh7 17. cxd6 cxd6 18. b5 b6 19. bxa6 Nc5 20. Qd1 Bxa6 21. Bxa6 Rxa6 22. Nd3 Rg6 23. Nxc5 bxc5 24. Qe2 Qa8 25. Rb1 Bf6 26. Rb2 Qc8 27. Rfb1 Ra8 28. Rb6 Qd8 29. a4 g4 30. Be1 gxf3 31. Qxf3 Kh6 32. R1b5 Nc8 33. Rb8 Rxb8 34. Rxb8 Qc7 35. Rb5 Nb6 36. Qe2 Qa7 37. a5 Nd7 38. Bf2 Bd8 39. Qa2 Nf6 40. a6 Rg7 41. Rb2 Ng4 42. Nb5 Qd7 43. a7 Nxf2 44. Rxf2 Qxb5 45. a8=Q Bh4 46. Rf1 Qd3 47. Q2a3 Qxe4 48. Qf3 Qd4+ 49. Kh1 Qc4 50. Qh8+ Rh7 51. Qf8+ Rg7 52. Qxd6+ Rg6 53. Qxe5 1-0

[Event "XLV Badalona Open 2019"]
[Site "Badalona"]
[Date "2019.08.06"]
[Round "5.9"]
[White "Opasiak, Dustin Tennessee"]
[Black "Moncada Correa, Sara"]
[Result "1-0"]
[ECO "B20"]
[WhiteElo "1723"]
[BlackElo "1909"]
[Annotator "NA"]
[PlyCount "95"]
[EventDate "2019.08.02"]
[EventType "swiss"]
[EventCountry "ESP"]
[SourceTitle "playchess.com"]
[Source "ChessBase"]
[SourceQuality "1"]
[TimeControl "5400+30"]

1. e4 c5 2. Ne2 e6 3. Nbc3 Nc6 4. g3 d5 5. exd5 exd5 6. Bg2 d4 7. Nd5 Bd6 8. d3 Nge7 9. Nef4 O-O 10. O-O Nxd5 11. Nxd5 Bf5 12. Qh5 Qd7 13. h3 Rfe8 14. Bf4 Bxf4 15. Nxf4 Re5 16. Rae1 Rae8 17. Qd1 h6 18. g4 Bh7 19. Rxe5 Nxe5 20. Re1 b6 21. Kf1 Kf8 22. Be4 Bxe4 23. Rxe4 Qc6 24. Qe2 f6 25. Nh5 Rd8 26. f4 Nf7 27. Ng3 Qc7 28. Kf2 Nd6 29. Re6 Kf7 30. f5 Kf8 31. h4 Nf7 32. Qe4 Rc8 33. Kg2 c4 34. Nh5 cxd3 35. cxd3 Qc2+ 36. Qe2 Ne5 37. Nf4 Qxe2+ 38. Nxe2 Rc2 39. Kf1 Nxd3 40. Rd6 Rxb2 41. Rxd4 Nc5 42. Nf4 Rxa2 43. Rd8+ Ke7 44. Rg8 Kf7 45. Rd8 Ra4 46. Ng6 Nd7 47. Rxd7+ Kg8 48. Rd8+ 1-0

[Event "XLV Badalona Open 2019"]
[Site "Badalona"]
[Date "2019.08.06"]
[Round "5.10"]
[White "Bru Rullo, Samuel"]
[Black "Romeu Perulles, Jaume"]
[Result "1-0"]
[ECO "A99"]
[WhiteElo "1867"]
[BlackElo "1813"]
[Annotator "NA"]
[PlyCount "59"]
[EventDate "2019.08.02"]
[EventType "swiss"]
[EventCountry "ESP"]
[SourceTitle "playchess.com"]
[Source "ChessBase"]
[SourceQuality "1"]
[TimeControl "5400+30"]

1. d4 f5 2. g3 e6 3. Bg2 Nf6 4. Nf3 d6 5. c4 Be7 6. Nc3 O-O 7. O-O Qe8 8. b3 Qh5 9. Ba3 c6 10. Qc2 Re8 11. Bb2 Nbd7 12. Rad1 e5 13. dxe5 dxe5 14. Nh4 g6 15. Bc1 e4 16. f3 Bc5+ 17. Kh1 e3 18. f4 Nb6 19. Bf3 Qh6 20. Rd3 Ne4 21. Bxe4 fxe4 22. Nxe4 Be7 23. Ng5 Bxg5 24. fxg5 Qxg5 25. Qc3 Qe5 26. Qxe5 Rxe5 27. Rd8+ Kg7 28. Bb2 Kh6 29. Bxe5 Bh3 30. Rff8 1-0

[Event "XLV Badalona Open 2019"]
[Site "Badalona"]
[Date "2019.08.07"]
[Round "6.1"]
[White "Umetsubo, Cesar Hidemitsu"]
[Black "Sturt, Raven"]
[Result "1-0"]
[ECO "C04"]
[WhiteElo "2406"]
[BlackElo "2429"]
[Annotator "ChessBase"]
[PlyCount "133"]
[EventDate "2019.08.02"]
[EventType "swiss"]
[EventCountry "ESP"]
[SourceTitle "playchess.com"]
[Source "ChessBase"]
[SourceQuality "1"]
[TimeControl "5400+30"]

1. e4 e6 2. d4 d5 3. Nd2 Nc6 4. Ngf3 Nf6 5. e5 Nd7 6. Bd3 f6 7. exf6 Qxf6 8. O-O Bd6 9. Nb3 h6 10. c3 O-O 11. Bc2 Rf7 12. Qd3 g5 13. Be3 Ne7 14. Rae1 g4 15. Nfd2 e5 16. f3 Qh4 17. g3 Qh3 18. fxg4 Rg7 19. Rf2 Qxg4 20. Bxh6 Rg6 21. Qe3 e4 22. Nxe4 dxe4 23. Bxe4 Nf6 24. Bxg6 Qxg6 25. Rxf6 Qxf6 26. Bg5 Qg6 27. Bxe7 Bxe7 28. Qxe7 Bh3 29. Qe4 Qf7 30. Qe7 Qd5 31. Qe4 Qf7 32. Nd2 Rf8 33. Qe2 Qxa2 34. Qc4+ Qxc4 35. Nxc4 b5 36. Ne5 b4 37. cxb4 Rb8 38. Nc6 Rb6 39. d5 Rb5 40. Ra1 Kf7 41. Ra5 Rb6 42. Rxa7 Kf6 43. Kf2 Rb5 44. Ra5 Rb6 45. Ke3 Bd7 46. Rc5 Bh3 47. b5 Kf7 48. Kd4 Ke8 49. Ke5 Kd7 50. b3 Bf1 51. Nd4 Rh6 52. h4 Rh5+ 53. Kf4 Kd6 54. b4 Bd3 55. Rc6+ Kd7 56. Ne6 Bxb5 57. Rxc7+ Kd6 58. Rc5 Be8 59. Ng7 Rh8 60. Nxe8+ Rxe8 61. Rb5 Rf8+ 62. Kg4 Rg8+ 63. Kh3 Ke5 64. h5 Ke4 65. d6 Rd8 66. h6 Rxd6 67. Rh5 1-0

[Event "XLV Badalona Open 2019"]
[Site "Badalona"]
[Date "2019.08.07"]
[Round "6.2"]
[White "Moskalenko, Viktor"]
[Black "Rojas Keim, Luis"]
[Result "0-1"]
[ECO "A67"]
[WhiteElo "2500"]
[BlackElo "2338"]
[Annotator "ChessBase"]
[PlyCount "130"]
[EventDate "2019.08.02"]
[EventType "swiss"]
[EventCountry "ESP"]
[SourceTitle "playchess.com"]
[Source "ChessBase"]
[SourceQuality "1"]
[TimeControl "5400+30"]

1. d4 Nf6 2. c4 e6 3. Nc3 c5 4. d5 exd5 5. cxd5 d6 6. e4 g6 7. f4 Bg7 8. Bb5+ Nfd7 9. Be2 O-O 10. Nf3 Na6 11. O-O Nc7 12. f5 Ne5 13. Qe1 Nxf3+ 14. Rxf3 b5 15. Qg3 b4 16. Nd1 Re8 17. Nf2 Bxf5 18. Bg5 f6 19. Bf4 Bxe4 20. Bxd6 Rc8 21. Bc4 Kh8 22. Nxe4 Rxe4 23. Rf4 Ne8 24. Rxe4 Nxd6 25. Qd3 Nxe4 26. Qxe4 f5 27. Qe2 Bd4+ 28. Kh1 Qf6 29. Rb1 Rc7 30. Qe8+ Kg7 31. Re1 Bf2 32. Re2 Qd4 33. Qe5+ Kh6 34. Qxd4 cxd4 35. b3 Be3 36. g3 Kg5 37. Kg2 Kf6 38. Kf3 g5 39. g4 fxg4+ 40. Kxg4 Ke5 41. Re1 Ke4 42. Rd1 Rf7 43. Bd3+ Ke5 44. Rf1 Rxf1 45. Bxf1 Kxd5 46. Bd3 h6 47. Kf5 h5 48. h3 g4 49. hxg4 h4 50. Bf1 h3 51. Bxh3 d3 52. g5 Kd4 53. g6 Bh6 54. Bg4 Kc3 55. Ke4 Kc2 56. Kd4 d2 57. Kc4 Bf8 58. g7 Bxg7 59. Kxb4 d1=Q 60. Bxd1+ Kxd1 61. a4 Kc2 62. a5 Kb2 63. Ka4 Kc3 64. b4 Kc4 65. b5 Be5 0-1

[Event "XLV Badalona Open 2019"]
[Site "Badalona"]
[Date "2019.08.07"]
[Round "6.3"]
[White "Oliva Castaneda, Kevel"]
[Black "Cu Hor, Winston Darwin"]
[Result "1/2-1/2"]
[ECO "E04"]
[WhiteElo "2467"]
[BlackElo "2335"]
[Annotator "ChessBase"]
[PlyCount "33"]
[EventDate "2019.08.02"]
[EventType "swiss"]
[EventCountry "ESP"]
[SourceTitle "playchess.com"]
[Source "ChessBase"]
[SourceQuality "1"]
[TimeControl "5400+30"]

1. d4 Nf6 2. c4 e6 3. g3 d5 4. Nf3 dxc4 5. Bg2 c5 6. O-O Nc6 7. dxc5 Qxd1 8. Rxd1 Bxc5 9. Nbd2 c3 10. bxc3 O-O 11. Nb3 Be7 12. Nfd4 Nxd4 13. cxd4 Nd5 14. Bb2 f5 15. e4 fxe4 16. Bxe4 b6 17. Nc1 1/2-1/2

[Event "XLV Badalona Open 2019"]
[Site "Badalona"]
[Date "2019.08.07"]
[Round "6.4"]
[White "Perez Mitjans, Orelvis"]
[Black "Mateus, Alejandro"]
[Result "1-0"]
[ECO "B00"]
[WhiteElo "2416"]
[BlackElo "2334"]
[Annotator "NA"]
[PlyCount "77"]
[EventDate "2019.08.02"]
[EventType "swiss"]
[EventCountry "ESP"]
[SourceTitle "playchess.com"]
[Source "ChessBase"]
[SourceQuality "1"]
[TimeControl "5400+30"]

1. e4 d6 2. d4 Nf6 3. f3 c5 4. c3 e6 5. Be3 Nc6 6. Qd2 Be7 7. Bd3 O-O 8. Ne2 d5 9. e5 Nd7 10. O-O cxd4 11. cxd4 Nb4 12. Nbc3 Nxd3 13. Qxd3 Nb6 14. b3 Bd7 15. f4 f5 16. a4 a6 17. Bd2 Nc8 18. h3 Na7 19. g4 g6 20. gxf5 gxf5 21. Kh2 Kh8 22. Ng1 Nc6 23. Nf3 Nb4 24. Qe2 Be8 25. Qf2 Bh5 26. Ng5 Bxg5 27. fxg5 Qe7 28. Qh4 Qe8 29. g6 Bxg6 30. Bg5 Rc8 31. Rf3 Nc2 32. Rg1 f4 33. Bf6+ Kg8 34. Ne2 Rxf6 35. Qxf6 Qf7 36. Rxf4 Qxf6 37. Rxf6 Ne3 38. Nf4 Rc2+ 39. Kh1 1-0

[Event "XLV Badalona Open 2019"]
[Site "Badalona"]
[Date "2019.08.07"]
[Round "6.5"]
[White "Hernandez, Cristian Andres"]
[Black "Harikrishnan.A.Ra"]
[Result "1-0"]
[ECO "C77"]
[WhiteElo "2355"]
[BlackElo "2401"]
[Annotator "ChessBase"]
[PlyCount "133"]
[EventDate "2019.08.02"]
[EventType "swiss"]
[EventCountry "ESP"]
[SourceTitle "playchess.com"]
[Source "ChessBase"]
[SourceQuality "1"]
[TimeControl "5400+30"]

1. e4 e5 2. Nf3 Nc6 3. Bb5 a6 4. Ba4 Nf6 5. Nc3 d6 6. Bxc6+ bxc6 7. d4 exd4 8. Qxd4 c5 9. Qd3 Be7 10. Bg5 O-O 11. O-O h6 12. Bh4 Bg4 13. Rfe1 Nd7 14. Bxe7 Qxe7 15. Nd5 Qd8 16. h3 Bh5 17. Nd2 Bg6 18. Qg3 Rb8 19. b3 Re8 20. Nf4 Bh7 21. Nh5 Qg5 22. Qxg5 hxg5 23. f3 Ne5 24. Ng3 Nc6 25. Kf2 Nb4 26. Rec1 a5 27. Nc4 Ra8 28. Ne3 a4 29. Ne2 c6 30. a3 Na6 31. Rd1 axb3 32. Rxd6 bxc2 33. Rc1 Nc7 34. Rxc2 Ne6 35. Rc3 Ra6 36. Nc4 Rea8 37. Ke3 Kf8 38. Rd7 f6 39. g3 Bg8 40. f4 Ke8 41. Rb7 Rd8 42. e5 Kf8 43. Nd6 gxf4+ 44. gxf4 g5 45. fxg5 Nxg5 46. Nf4 Bh7 47. Rxh7 Nxh7 48. Ne6+ Ke7 49. Nxd8 Kxd8 50. Nb7+ Ke7 51. Nxc5 Ra8 52. Rb3 Nf8 53. Rb7+ Ke8 54. exf6 Rxa3+ 55. Ke4 Rxh3 56. Re7+ Kd8 57. Nb7+ Kc8 58. Nd6+ Kb8 59. f7 Nh7 60. Kf5 Rh6 61. Ne4 Kc8 62. Re8+ Kd7 63. Rh8 Rh1 64. Rxh7 Rf1+ 65. Kg6 Ke7 66. Ng5 Rf6+ 67. Kg7 1-0